 Dungeon Crawl Stone Soup version 0.24-a0-250-g6074511 (webtiles) character file.

Game seed: 15737584155670829519

53 Borgoz the Cutter (level 4, 0/27 HPs)
             Began as a Kobold Gladiator on Apr 14, 2019.
             Slain by Natasha (5 damage)
             ... on level 2 of the Dungeon.
             The game lasted 00:02:05 (1279 turns).

Borgoz the Cutter (Kobold Gladiator)                Turns: 1279, Time: 00:02:06

Health: 0/27       AC:  4    Str:  9 (12) XL:     4   Next: 11%
Magic:  4/4        EV: 15    Int:  6 (9)  God:
Gold:   75         SH:  0    Dex: 13 (16) Spells: 3/3 levels left

rFire    + . .     SeeInvis .   a - +0 rapier
rCold    . . .     Gourm    .   (shield restricted)
rNeg     . . .     Faith    .   b - +0 leather armour
rPois    .         Spirit   .   c - +0 helmet
rElec    .         Reflect  .   (no cloak)
rCorr    .         Harm     .   (no gloves)
MR       .....                  (no boots)
Stlth    ++........             (no amulet)
HPRegen  0.09/turn              o - ring of protection from fire
MPRegen  0.09/turn              (no ring)

@: very slightly contaminated, hasted and slowed, invisible
A: small, carnivore
a: no special abilities


You were on level 2 of the Dungeon.
You were not hungry.

You visited 1 branch of the dungeon, and saw 2 of its levels.

You collected 75 gold pieces.

Inventory:

Hand Weapons
 a - a +0 rapier (weapon)
Missiles
 d - 2 throwing nets (quivered)
Armour
 b - a +0 leather armour (worn)
 c - a +0 helmet (worn)
Jewellery
 o - a ring of protection from fire (left hand)
Scrolls
 e - 2 scrolls of enchant weapon {unknown}
 g - a scroll of fog {unknown}
 h - 3 scrolls of identify {unknown}
 k - 3 scrolls of amnesia {unknown}
 l - a scroll of remove curse {unknown}
 m - a scroll of teleportation {unknown}
 p - a scroll of random uselessness {unknown}
Potions
 i - a potion of degeneration
Comestibles
 f - 4 rations


   Skills:
 + Level 2.8 Fighting
 + Level 4.5 Short Blades
 - Level 2.1 Throwing
 + Level 1.0 Armour
 + Level 4.1 Dodging
 + Level 2.0 Stealth


You had 3 spell levels left.
You didn't know any spells.
Your spell library was empty.

Dungeon Overview and Level Annotations

Branches:
Dungeon (2/15)

Altars:
Ashenzari
Dithmenos
Gozag
Makhleb
Vehumet
Zin

Annotations:
D:2 Natasha


Innate Abilities, Weirdness & Mutations

You are small and have problems with some larger weapons.
You are carnivorous and can eat meat at any time.


Message History

There was something very wrong with that liquid.
You feel weakened.
You feel dopey.
You feel clumsy. The goblin hits you but does no damage.
It was a potion of invisibility.
You fade into invisibility!
The goblin misses you. The goblin barely misses you.
You are very lightly contaminated with residual magic.
It was a potion of haste.
You feel yourself speed up. The goblin closely misses you.
The rat twitches its whiskers.
You strike the helpless goblin from behind!
You puncture the goblin!
You kill the goblin!
Your Stealth skill increases to level 2!
You completely miss Natasha.
Natasha wildly gestures.
Natasha glows brightly for a moment.
Natasha closely misses you.
You hit Natasha but do no damage. Natasha claws you.
You die...

######.###........
#####
#..........######.
#.####.###.#
#.###.# #.....#
#...### ## ##.##
## #.8 #.# 8.#
#.._ #@# _..#
#.8.. #h# ..8.#
#...'#r#'...#
#.5.#
.......⌠.......
.#####...#####.
'#.#' ..#.#..
_..#.#.._


You could see Natasha, a crimson imp and a rat.

Vanquished Creatures
  Natasha (D:2)
  An adder (D:2)
  3 bats
  2 goblins (D:2)
  2 hobgoblins
  4 jackals (D:1)
  A quokka (D:2)
  A ball python (D:1)
  2 kobolds (D:2)
  2 rats
19 creatures vanquished.

Notes
Turn   | Place    | Note
-------+----------+-------------------------------------------
     0 | D:1      | Borgoz the Kobold Gladiator began the quest for the Orb.
     0 | D:1      | Reached XP level 1. HP: 12/12 MP: 1/1
   392 | D:1      | Reached XP level 2. HP: 18/18 MP: 2/2
   403 | D:1      | Reached skill level 1 in Stealth
   595 | D:2      | Reached XP level 3. HP: 12/22 MP: 3/3
   944 | D:2      | Found a glowing silver altar of Zin.
   945 | D:2      | Found an opulent altar of Gozag.
   994 | D:2      | Noticed Natasha
  1010 | D:2      | Killed Natasha
  1010 | D:2      | Reached skill level 1 in Armour
  1010 | D:2      | Reached XP level 4. HP: 6/27 MP: 4/4
  1260 | D:2      | Noticed Natasha
  1263 | D:2      | Found a radiant altar of Vehumet.
  1263 | D:2      | Found a shattered altar of Ashenzari.
  1263 | D:2      | Found a shadowy altar of Dithmenos.
  1263 | D:2      | Found a burning altar of Makhleb.
  1279 | D:2      | Slain by Natasha

Levels and vault maps discovered:
D:1:      tarquinn_simple_flora_water_b, layout_basic
D:2:      layout_loops_ring, grunt_temple_overflow_gold_and_silver,
          grunt_temple_overflow_cloverleaf, lemuel_old_faithful, uniq_natasha

Skill      XL: |  1  2  3  4 |
---------------+-------------+-----
Stealth        | 1 2 |  2.0
Armour         | 1 |  1.0
Dodging        | 4 |  4.1
Fighting       | |  2.8
Short Blades   | |  4.5
Throwing       | |  2.1

Action                   |  1- 3 |  4- 6 || total
-------------------------+-------+-------++-------
Melee: Rapier            |    65 |    10 ||    75
Throw: Throwing net      |     2 |       ||     2
  Use: Potion            |       |     3 ||     3
 Stab: Sleeping          |     3 |       ||     3
       Held in net/web   |     1 |       ||     1
       Invisible         |       |     1 ||     1
  Eat: Chunk             |     5 |       ||     5
Armor: Leather armour    |    10 |     3 ||    13
Dodge: Dodged            |    58 |    14 ||    72

Table legend:
 A = Non-vault XP
 B = Vault XP
 C = Vault XP percentage of total XP
 D = Non-vault monster count
 E = Vault monster count
 F = Vault count percentage of total count
                 A         B        C        D         E       F
            +---------+---------+-------+---------+---------+-------
      Total |      41 |      36 |  46.8 |      18 |       1 |   5.3
            +---------+---------+-------+---------+---------+-------
        D:1 |      14 |       0 |   0.0 |       8 |       0 |   0.0
        D:2 |      27 |      36 |  57.1 |      10 |       1 |   9.1
            +---------+---------+-------+---------+---------+-------
